 Dungeon Crawl Stone Soup version 0.28.0-43-g3370ac3207 (webtiles) character file.

Game seed: 4387635118500085240

46 crimpus the Sneak (level 3, -3/25 (29) HPs)
             Began as a Demigod Brigand on Mar 10, 2022.
             Killed by nerve-wracking pain
             ... invoked by an orc priest
              (10 damage)
             ... on level 2 of the Dungeon.
             The game lasted 00:01:55 (1455 turns).

crimpus the Sneak (Demigod Brigand)                 Turns: 1455, Time: 00:01:56

HP:   -3/25 (29)    AC:  5    Str: 12    XL:     3   Next: 27%
MP:   0/5           EV: 11    Int: 13    God:
Gold: 79            SH:  0    Dex: 19    Spells: 2/2 levels left

rFire   . . .      SeeInvis .   a - +2 dagger
rCold   . . .      Faith    .   (no shield)
rNeg    . . .      Spirit   +   k - +0 leather armour
rPois   .          Reflect  .   (no helmet)
rElec   .          Harm     .   c - +1 cloak
rCorr   .          Rampage  .   (no gloves)
Will    .....                   (no boots)
Stlth   +++.......              h - amulet of guardian spirit
HPRegen 0.08/turn               (no ring)
MPRegen 0.09/turn               (no ring)

@: heavily drained
A: high MP 1, forlorn, divine attributes
a: no special abilities


You were on level 2 of the Dungeon.
You visited 1 branch of the dungeon, and saw 2 of its levels.

You collected 79 gold pieces.

Inventory:

Hand Weapons
 a - a +2 dagger (weapon)
Missiles
 d - 8 poisoned darts (quivered)
 e - 2 curare-tipped darts
Armour
 b - a +0 robe
 c - a +1 cloak (worn)
 k - a +0 leather armour (worn)
Jewellery
 f - a ring of fire
 h - an amulet of guardian spirit (around neck)
Scrolls
 l - a scroll of enchant armour
Potions
 g - a potion of flight
 i - a potion of cancellation {unknown}


   Skills:
 + Level 1.9 Fighting
 + Level 2.0 Short Blades
 - Level 1.7 Throwing
 + Level 0.9 Dodging
 + Level 4.8 Stealth


You had 2 spell levels left.
You didn't know any spells.
Your spell library was empty.

Dungeon Overview and Level Annotations

Branches:
Dungeon (2/15)


Innate Abilities, Weirdness & Mutations

You have an increased reservoir of magic. (+10% MP)
You shall have no god before yourself.
Your divine heritage dramatically boosts your attributes as you level up.


Message History

The orc priest hits you with a +0 dagger.
You hit the orc priest but do no damage.
The orc priest misses you.
You hit the orc priest but do no damage.
The orc priest hits you with a +0 dagger.
You hit the orc priest but do no damage.
The orc priest barely misses you.
You hit the orc priest.
The orc priest is lightly wounded.
The orc priest hits you with a +0 dagger.
You hit the orc priest but do no damage.
The orc priest is lightly wounded.
The orc priest hits you but does no damage.
You hit the orc priest.
The orc priest is moderately wounded.
You barely miss the orc priest.
The orc priest is moderately wounded.
The orc priest barely misses you.
You hit the orc priest but do no damage.
The orc priest is moderately wounded.
The orc priest completely misses you.
You hit the orc priest.
The orc priest is heavily wounded.
The orc priest hits you but does no damage.
You hit the orc priest.
The orc priest is severely wounded.
The orc priest calls down the wrath of Beogh upon you.
Beogh smites you!
* * * LOW HITPOINT WARNING * * *
You hit the orc priest but do no damage.
The orc priest is severely wounded.
The orc priest closely misses you.
You barely miss the orc priest.
The orc priest is severely wounded.
The orc priest closely misses you.
You closely miss the orc priest.
The orc priest is severely wounded.
The orc priest calls down the wrath of Beogh upon you.
Pain shoots through your body!
You die...

#.# ######.#
...##.## #.#...##
###......##
#............
.#......#.##.#####.
.....####.##.#
#...o@))##.#
##.#######+#


You could see an orc priest.

Vanquished Creatures
  An adder (D:2)
  2 orcs (D:2)
  3 ball pythons
  3 bats
  4 endoplasms
  5 goblins
  3 hobgoblins (D:1)
  A quokka (D:1)
  3 frilled lizards (D:1)
  5 kobolds
30 creatures vanquished.

Vanquished Creatures (others)
  12 plants (D:2)
12 creatures vanquished.

Grand Total: 42 creatures vanquished

Notes
Turn   | Place    | Note
-------+----------+-------------------------------------------
     0 | D:1      | crimpus the Demigod Brigand began the quest for the Orb.
     0 | D:1      | Reached XP level 1. HP: 17/17 MP: 3/3
   261 | D:1      | Reached skill level 4 in Stealth
   380 | D:1      | Reached XP level 2. HP: 24/24 MP: 4/4
  1010 | D:1      | You fall into a shaft and drop 1 floor!
  1103 | D:2      | Reached XP level 3. HP: 29/29 MP: 5/5
  1455 | D:2      | Killed from afar by an orc priest

Illustrated notes

Levels and vault maps discovered:
D:1:      dpeg_chamrin_arrival_tetris, layout_loops_ring,
          hellmonk_ecumenical_altar_leap_of_faith
D:2:      layout_loops_corners, serial_bayou, serial_bayou_pond_c,
          serial_bayou_crossing, serial_bayou_lagoon_a, serial_bayou_pond_b

Skill      XL: |  1  2 |
---------------+-------+-----
Stealth        | 4 |  4.8
Short Blades   | 2 |  2.0
Fighting       | |  1.9
Throwing       | |  1.7
Dodging        | |  0.9

Action                   || total
-------------------------++-------
Melee: Dagger            ||   102
  Use: Scroll            ||     3
 Stab: Sleeping          ||    11
Armor: Robe              ||    16
       Leather armour    ||     9
Dodge: Dodged            ||    49
